 Dungeon Crawl Stone Soup version 0.20.0-15-g7f486f2 (webtiles) character file.

76 NoAnimeNoLife the Slasher (level 4, -4/35 HPs)
             Began as a Demonspawn Fighter on June 13, 2017.
             Was an Initiate of Qazlal.
             Slain by sagitran's ghost (11 damage)
             ... on level 3 of the Dungeon.
             The game lasted 00:02:25 (1653 turns).

NoAnimeNoLife the Slasher (Demonspawn Fighter)      Turns: 1653, Time: 00:02:25

Health: -4/35      AC: 10    Str: 17    XL:     4   Next: 12%
Magic:  4/4        EV:  6    Int:  9    God:    Qazlal [......]
Gold:   118        SH:  9    Dex: 13    Spells: 3/3 levels left

rFire    . . .     SeeInvis .   a - +0 long sword
rCold    . . .     Gourm    .   c - +0 shield
rNeg     . . .     Faith    .   b - +0 scale mail
rPois    .         Spirit   .   (no helmet)
rElec    .         Reflect  .   (no cloak)
rCorr    .         Harm     .   (no gloves)
MR       .....                  (no boots)
Stlth    ..........             (no amulet)
Regen    0.2/turn               (no ring)
MPRegen  0.1/turn               (no ring)

@: no status effects
A: iridescent scales 2
a: Renounce Religion


You were on level 3 of the Dungeon.
You worshipped Qazlal.
Qazlal was noncommittal.
You were hungry.

You visited 1 branch of the dungeon, and saw 3 of its levels.

You collected 118 gold pieces.

Inventory:

Hand Weapons
 a - a +0 long sword (weapon)
Armour
 b - a +0 scale mail (worn)
 c - a +0 shield (worn)
Scrolls
 e - 2 scrolls of identify {unknown}
 g - 2 scrolls of magic mapping {unknown}
 h - a scroll of blinking {unknown}
 i - a scroll of noise {unknown}
 j - a scroll of enchant weapon {unknown}
 k - a scroll of immolation {unknown}
 n - 2 scrolls of remove curse {unknown}
Potions
 d - a potion of might
 m - a potion of curing
Comestibles
 f - a bread ration
 p - 2 meat rations


   Skills:
 - Level 3.0 Fighting
 + Level 3.8 Long Blades
 - Level 2.8 Armour
 - Level 2.8 Shields


You had 3 spell levels left.
You didn't know any spells.

Dungeon Overview and Level Annotations

Branches:
Dungeon (3/15)

Altars:
Cheibriados
Qazlal
Uskayaw
Xom
Zin

Annotations:
D:3 Grinder; sagitran's ghost, amateur KoHu


Innate Abilities, Weirdness & Mutations

You are mostly covered in iridescent scales. (AC +4)


Message History

Grinder blinks!
You hit sagitran's ghost.
Sagitran's ghost is almost destroyed.
Sagitran's ghost hits you. Sagitran's ghost barely misses you.
You miss sagitran's ghost.
Sagitran's ghost is almost destroyed.
Sagitran's ghost hits you but does no damage.
Grinder blinks!
You hit sagitran's ghost.
Sagitran's ghost is almost destroyed.
Sagitran's ghost hits you but does no damage.
You hit sagitran's ghost but do no damage.
Sagitran's ghost is almost destroyed.
You feel less wooden.
Your +0 scale mail unmelds from your body.
Sagitran's ghost hits you.
* * * LOW HITPOINT WARNING * * *
Sagitran's ghost whispers, "There is no future for you."
Sagitran's ghost hits you!
You die...

####
#######..########
....
................<
####
######.#.###### #
#.#.# #
########.#.## ###
#......(.#..#
..####.....#####†#
#..........# #.##
#...##.....# #@.#
#..######### ##W#
...# .# ##.# .#
#.# .# #.# .# #.#
.# .#


You could see sagitran's ghost.

Vanquished Creatures
  An adder (D:2)
  4 worms
  A leopard gecko (D:1)
  6 bats
  2 giant cockroaches
  6 goblins
  4 hobgoblins
  4 jackals (D:1)
  9 kobolds
  2 quokkas (D:2)
  3 ball pythons
  3 frilled lizards
  9 rats
54 creatures vanquished.

Notes
Turn   | Place    | Note
-------+----------+-------------------------------------------
     0 | D:1      | NoAnimeNoLife the Demonspawn Fighter began the quest for the Orb.
     0 | D:1      | Reached XP level 1. HP: 18/18 MP: 1/1
   158 | D:1      | Gained mutation: You are partially covered in iridescent scales. (AC +2) [demonic ancestry]
   158 | D:1      | Reached XP level 2. HP: 22/24 MP: 2/2
   761 | D:2      | HP: 1/24 [quokka (3)]
   765 | D:2      | Reached XP level 3. HP: 1/29 MP: 3/3
  1259 | D:2      | Found a shimmering altar of Xom.
  1417 | D:2      | Gained mutation: You are mostly covered in iridescent scales. (AC +4) [demonic ancestry]
  1417 | D:2      | Reached XP level 4. HP: 33/35 MP: 4/4
  1437 | D:2      | Found a stormy altar of Qazlal.
  1440 | D:2      | Found a snail-covered altar of Cheibriados.
  1451 | D:2      | Found a hide-covered altar of Uskayaw.
  1454 | D:2      | Found a glowing silver altar of Zin.
  1460 | D:2      | Became a worshipper of Qazlal Stormbringer
  1615 | D:3      | Noticed Grinder
  1622 | D:3      | Noticed sagitran's ghost (amateur KoHu)
  1637 | D:3      | Paralysed by Grinder for 3 turns
  1653 | D:3      | Slain by sagitran's ghost

Skill      XL: |  1  2  3 |
---------------+----------+-----
Long Blades    | 2 3 |  3.8
Fighting       | |  3.0
Armour         | |  2.8
Shields        | |  2.8

Action                   |  1- 3 |  4- 6 || total
-------------------------+-------+-------++-------
Melee: Long sword        |   176 |    46 ||   222
  Use: Potion            |       |     3 ||     3
  Eat: Chunk             |     2 |       ||     2
Armor: Scale mail        |   126 |    10 ||   136
       Skin              |       |    12 ||    12
Dodge: Dodged            |    56 |     6 ||    62
Block: Shield            |   109 |    22 ||   131
       Rpst.: Long sword |    17 |     1 ||    18
